CCBL
CHATHAM ANGLERS @ HYANNIS HARBOR HAWKS
03/25/2060
 
TOP OF THE 1ST
Chatham Anglers batting - Pitching for Hyannis Harbor Hawks : RHP Eric Dixon
Pitching: RHP Eric Dixon
Batting: RHB Camron Goeschel 0-0: Ball
1-0: Ball
2-0: Fly out, F7 (Flyball, 7D, EV 100.6 MPH)
Batting: RHB Carter Miroz 0-0: Ball
1-0: Ball
2-0: Ball
3-0: Base on Balls
Batting: RHB Greg Thomas 0-0: Ball
1-0: Ball
2-0: Called Strike
2-1: Ball
3-1: Called Strike
3-2: Foul Ball, location: 2F
3-2: Base on Balls
Carter Miroz to second
Batting: LHB Dennis Riggs 0-0: Called Strike
0-1: Swinging Strike
0-2: Ball
1-2: Ball
2-2: Strikes out looking
Batting: RHB James Hill 0-0: Ball
1-0: Ball
2-0: Called Strike
2-1: Ball
3-1: Foul Ball, location: 2F
3-2: Foul Ball, location: 2F
3-2: Strikes out looking
Top of the 1st over - 0 runs, 0 hits, 0 errors, 2 left on base; Chatham 0 - Hyannis 0
BOTTOM OF THE 1ST
Hyannis Harbor Hawks batting - Pitching for Chatham Anglers : LHP Justice Lewis
Pitching: LHP Justice Lewis
Batting: RHB Seth Leimer 0-0: Ball
1-0: TRIPLE (Line Drive, 9LD, EV 109.4 MPH)
Batting: RHB Jim Jimenez 0-0: DOUBLE (Line Drive, 89D, EV 96.9 MPH)
Seth Leimer scores
Batting: RHB Jalen Olenick 0-0: Ball
1-0: Ball
2-0: Called Strike
2-1: Ball
3-1: Foul Ball, location: 2F
3-2: 2-RUN HOME RUN (Flyball, 7LD, EV 93.8 MPH), Distance : 346 ft
Batting: RHB Max Herndon 0-0: Called Strike
0-1: Ball
1-1: Fly out, F8 (Line Drive, 8RM, EV 95.6 MPH)
Batting: RHB Elliott Osby 0-0: Ball
1-0: Ball
2-0: Foul Ball, location: 2F
2-1: Swinging Strike
2-2: Ball
3-2: Base on Balls
Batting: RHB Adam Wilbanks 0-0: Swinging Strike
0-1: Ball
1-1: Fly out, F8 (Flyball, 8RD, EV 93.8 MPH)
Batting: RHB Norense Montoya 0-0: Foul Ball, location: 2F
0-1: Fielders Choice at 2nd, 6-4 (Groundball, 6, EV 85.0 MPH)
Bottom of the 1st over - 3 runs, 3 hits, 0 errors, 1 left on base; Chatham 0 - Hyannis 3
TOP OF THE 2ND
Chatham Anglers batting - Pitching for Hyannis Harbor Hawks : RHP Eric Dixon
Batting: LHB Brett Krueger 0-0: Ball
1-0: Foul Ball, location: 2F
1-1: Ball
2-1: Foul Ball, location: 2F
2-2: Ball
3-2: Fly out, F7 (Flyball, 7, EV 75.0 MPH)
Batting: RHB Keon Giggetts 0-0: Called Strike
0-1: Swinging Strike
0-2: Ball
1-2: Strikes out swinging
Batting: RHB Chandler Palma 0-0: Ball
1-0: Ball
2-0: Called Strike
2-1: Swinging Strike
2-2: Strikes out swinging
Top of the 2nd over - 0 runs, 0 hits, 0 errors, 0 left on base; Chatham 0 - Hyannis 3
BOTTOM OF THE 2ND
Hyannis Harbor Hawks batting - Pitching for Chatham Anglers : LHP Justice Lewis
Batting: RHB Joey Mark 0-0: Ball
1-0: Ball
2-0: Swinging Strike
2-1: Fly out, F8 (Flyball, 8RS, EV 96.9 MPH)
Batting: RHB Jerome Johnson 0-0: Ball
1-0: Ball
2-0: Ball
3-0: Called Strike
3-1: Foul Ball, location: 2F
3-2: Fly out, F8 (Flyball, 8RS, EV 98.8 MPH)
Batting: RHB Seth Leimer 0-0: Ball
1-0: Ground out U3 (Groundball, 3, EV 107.5 MPH)
Bottom of the 2nd over - 0 runs, 0 hits, 0 errors, 0 left on base; Chatham 0 - Hyannis 3
TOP OF THE 3RD
Chatham Anglers batting - Pitching for Hyannis Harbor Hawks : RHP Eric Dixon
Batting: RHB Justyn Kenn 0-0: Foul Ball, location: 2F
0-1: Fly out, F7 (Flyball, 78S, EV 86.9 MPH)
Batting: RHB Camron Goeschel 0-0: Called Strike
0-1: Ball
1-1: Ball
2-1: Ground out 4-3 (Groundball, 4M, EV 91.2 MPH)
Batting: RHB Carter Miroz 0-0: Foul Ball, location: 2F
0-1: Ball
1-1: Foul Ball, location: 2F
1-2: SOLO HOME RUN (Line Drive, 78XD, EV 110.6 MPH), Distance : 409 ft
Batting: RHB Greg Thomas 0-0: Called Strike
0-1: Ball
1-1: Called Strike
1-2: Foul Ball, location: 2F
1-2: Ground out 4-3 (Groundball, 4, EV 90.0 MPH)
Top of the 3rd over - 1 run, 1 hit, 0 errors, 0 left on base; Chatham 1 - Hyannis 3
BOTTOM OF THE 3RD
Hyannis Harbor Hawks batting - Pitching for Chatham Anglers : LHP Justice Lewis
Batting: RHB Jim Jimenez 0-0: Foul Ball, location: 2F
0-1: Swinging Strike
0-2: Fly out, F2 (Popup, 3SF, EV 87.5 MPH)
Batting: RHB Jalen Olenick 0-0: Ball
1-0: Foul Ball, location: 2F
1-1: Fly out, F7 (Flyball, 7D, EV 95.6 MPH)
Batting: RHB Max Herndon 0-0: Swinging Strike
0-1: Foul Ball, location: 2F
0-2: Fly out, F9 (Flyball, 9, EV 88.8 MPH)
Bottom of the 3rd over - 0 runs, 0 hits, 0 errors, 0 left on base; Chatham 1 - Hyannis 3
TOP OF THE 4TH
Chatham Anglers batting - Pitching for Hyannis Harbor Hawks : RHP Eric Dixon
Batting: LHB Dennis Riggs 0-0: Foul Ball, location: 2F
0-1: Swinging Strike
0-2: Ball
1-2: Strikes out swinging
Batting: RHB James Hill 0-0: Called Strike
0-1: Ball
1-1: Fly out, F8 (Flyball, 78S, EV 92.5 MPH)
Batting: LHB Brett Krueger 0-0: SINGLE (Groundball, 25, EV 68.8 MPH) (infield hit)
Batting: RHB Keon Giggetts 0-0: Called Strike
0-1: Called Strike
0-2: Foul Ball, location: 2F
0-2: DOUBLE (Line Drive, 9LM, EV 100.6 MPH)
Brett Krueger to third
Runner from 3rd tries for Home, SAFE, throw by RF to trailing runner, SAFE at third!
Batting: RHB Chandler Palma 0-0: Ball
1-0: Ball
2-0: Ball
3-0: Called Strike
3-1: Foul Ball, location: 2F
3-2: Base on Balls
Batting: RHB Justyn Kenn 0-0: Ball
1-0: Ball
2-0: Ball
3-0: Base on Balls
Chandler Palma to second
Batting: RHB Camron Goeschel 0-0: Called Strike
0-1: SINGLE (Flyball, 5D, EV 86.9 MPH)
Keon Giggetts scores
Chandler Palma to third
Justyn Kenn to second
Batting: RHB Carter Miroz 0-0: GRAND SLAM HOME RUN (Flyball, 78XD, EV 100.0 MPH), Distance : 394 ft
Pitching: RHP Logan Henry
Batting: RHB Greg Thomas 0-0: Ball
1-0: Called Strike
1-1: Ground out 6-3 (Groundball, 6, EV 104.4 MPH)
Top of the 4th over - 6 runs, 4 hits, 0 errors, 0 left on base; Chatham 7 - Hyannis 3
BOTTOM OF THE 4TH
Hyannis Harbor Hawks batting - Pitching for Chatham Anglers : LHP Justice Lewis
Batting: RHB Elliott Osby 0-0: Ball
1-0: Ball
2-0: Ball
3-0: Foul Ball, location: 2F
3-1: Ground out U3 (Groundball, 3, EV 83.8 MPH)
Batting: RHB Adam Wilbanks 0-0: Foul Ball, location: 2F
0-1: Swinging Strike
0-2: SINGLE (Flyball, 8LS, EV 85.6 MPH)
Batting: RHB Norense Montoya 0-0: Ball
1-0: Called Strike
1-1: Ball
2-1: Fly out, F9 (Flyball, 9S, EV 93.8 MPH)
Batting: RHB Joey Mark 0-0: Foul Ball, location: 2F
0-1: Ball
1-1: Fielders Choice at 2nd, 6-4 (Groundball, 6, EV 78.1 MPH)
Bottom of the 4th over - 0 runs, 1 hit, 0 errors, 1 left on base; Chatham 7 - Hyannis 3
TOP OF THE 5TH
Chatham Anglers batting - Pitching for Hyannis Harbor Hawks : RHP Logan Henry
Batting: LHB Dennis Riggs 0-0: Ball
1-0: Called Strike
1-1: Swinging Strike
1-2: Ball
2-2: Foul Ball, location: 2F
2-2: Ball
3-2: Strikes out swinging, 2-3 out at first.
Batting: RHB James Hill 0-0: Ball
1-0: Swinging Strike
1-1: Fly out, F7 (Flyball, 7D, EV 98.8 MPH)
Batting: LHB Brett Krueger 0-0: Ball
1-0: Called Strike
1-1: Foul Ball, location: 2F
1-2: Foul Ball, location: 2F
1-2: Ball
2-2: Ball
3-2: Foul Ball, location: 2F
3-2: Foul Ball, location: 2F
3-2: Foul Ball, location: 2F
3-2: Strikes out swinging
Top of the 5th over - 0 runs, 0 hits, 0 errors, 0 left on base; Chatham 7 - Hyannis 3
BOTTOM OF THE 5TH
Hyannis Harbor Hawks batting - Pitching for Chatham Anglers : LHP Justice Lewis
Batting: RHB Jerome Johnson 0-0: Fly out, F7 (Flyball, 78S, EV 85.0 MPH)
Batting: RHB Seth Leimer 0-0: Swinging Strike
0-1: Ball
1-1: Ground out 6-3 (Groundball, 6, EV 91.2 MPH)
Batting: RHB Jim Jimenez 0-0: Called Strike
0-1: Swinging Strike
0-2: SINGLE (Groundball, 34D, EV 106.9 MPH)
Batting: RHB Jalen Olenick 0-0: Foul Ball, location: 2F
0-1: DOUBLE (Groundball, 5L, EV 104.4 MPH)
Jim Jimenez to third
Runner from 3rd tries for Home, SAFE, no throw by LF
Batting: RHB Max Herndon 0-0: Ball
1-0: Called Strike
1-1: Ball
2-1: Foul Ball, location: 2F
2-2: Ball
3-2: Base on Balls
Batting: RHB Elliott Osby 0-0: Ball
1-0: Foul Ball, location: 2F
1-1: Foul Ball, location: 2F
1-2: Fly out, F8 (Flyball, 8RM, EV 88.8 MPH)
Bottom of the 5th over - 1 run, 2 hits, 0 errors, 2 left on base; Chatham 7 - Hyannis 4
TOP OF THE 6TH
Chatham Anglers batting - Pitching for Hyannis Harbor Hawks : RHP Logan Henry
Batting: RHB Keon Giggetts 0-0: Ball
1-0: DOUBLE (Line Drive, 7LS, EV 95.0 MPH)
Batting: RHB Chandler Palma 0-0: Ball
1-0: Called Strike
1-1: Ball
2-1: Ball
3-1: Foul Ball, location: 2F
3-2: Base on Balls
Batting: RHB Justyn Kenn 0-0: Called Strike
0-1: Ball
1-1: Ball
2-1: Ball
3-1: Base on Balls
Keon Giggetts to third
Chandler Palma to second
Batting: RHB Camron Goeschel 0-0: Called Strike
0-1: SINGLE (Line Drive, 8LS, EV 102.5 MPH)
Keon Giggetts scores
Chandler Palma to third
Justyn Kenn to second
Runner from 3rd tries for Home, SAFE, throw by CF to home
Batting: RHB Carter Miroz 0-0: Ball
1-0: SINGLE (Groundball, 15S, EV 72.5 MPH) (infield hit)
Justyn Kenn to third
Camron Goeschel to second
Batting: RHB Greg Thomas 0-0: Foul Ball, location: 2F
0-1: Ball
1-1: Ball
2-1: Swinging Strike
2-2: Strikes out looking
Pitching: RHP Skyler Blackford
Batting: LHB Dennis Riggs 0-0: Ball
1-0: Foul Ball, location: 2F
1-1: Called Strike
1-2: Strikes out swinging
Batting: RHB James Hill 0-0: Ball
1-0: Called Strike
1-1: Ball
2-1: Swinging Strike
2-2: Strikes out swinging
Top of the 6th over - 2 runs, 3 hits, 0 errors, 3 left on base; Chatham 9 - Hyannis 4
BOTTOM OF THE 6TH
Hyannis Harbor Hawks batting - Pitching for Chatham Anglers : LHP Justice Lewis
Batting: RHB Adam Wilbanks 0-0: Fly out, F7 (Flyball, 7D, EV 109.4 MPH)
Batting: RHB Norense Montoya 0-0: Ball
1-0: Ball
2-0: Foul Ball, location: 2F
2-1: SINGLE (Groundball, 56, EV 109.4 MPH) (infield hit)
Pitching: RHP Max DeBerry
Batting: RHB Joey Mark 0-0: DOUBLE (Flyball, 89XD, EV 103.1 MPH)
Norense Montoya to third
Batting: RHB Jerome Johnson 0-0: Ball
1-0: Ball
2-0: Called Strike
2-1: Foul Ball, location: 2F
2-2: Ball
3-2: Ground out 5-3 (Groundball, 56S, EV 63.1 MPH)
Norense Montoya scores
Joey Mark to third
Batting: RHB Seth Leimer 0-0: Ball
1-0: Foul Ball, location: 2F
1-1: Ground out 5-3 (Groundball, 56, EV 86.9 MPH)
Bottom of the 6th over - 1 run, 2 hits, 0 errors, 1 left on base; Chatham 9 - Hyannis 5
TOP OF THE 7TH
Chatham Anglers batting - Pitching for Hyannis Harbor Hawks : RHP Skyler Blackford
Batting: LHB Brett Krueger 0-0: Ball
1-0: Ball
2-0: Swinging Strike
2-1: Ball
3-1: Base on Balls
Batting: RHB Keon Giggetts 0-0: Called Strike
0-1: Ball
1-1: Called Strike
1-2: Hit by Pitch
Brett Krueger to second
Batting: RHB Chandler Palma 0-0: Bunted foul
0-1: Bunt - Flyout to 2R - DP at third! 2-6
Batting: RHB Justyn Kenn 0-0: Foul Ball, location: 2F
0-1: Ball
Keon Giggetts is caught stealing 2nd base 2-4
Top of the 7th over - 0 runs, 0 hits, 0 errors, 0 left on base; Chatham 9 - Hyannis 5
BOTTOM OF THE 7TH
Hyannis Harbor Hawks batting - Pitching for Chatham Anglers : RHP Max DeBerry
Batting: RHB Jim Jimenez 0-0: Ball
1-0: Foul Ball, location: 2F
1-1: SINGLE (Flyball, 9LS, EV 94.4 MPH)
Batting: RHB Jalen Olenick 0-0: Ball
1-0: Ball
2-0: Hit by Pitch
Jim Jimenez to second
Batting: RHB Max Herndon 0-0: Ball
1-0: Foul Ball, location: 2F
1-1: Called Strike
1-2: Ball
2-2: SINGLE (Line Drive, 4D, EV 107.5 MPH)
Jim Jimenez to third
Jalen Olenick to second
DELAY Rain delay of 17 minutes in the 7th inning.
Batting: RHB Elliott Osby 0-0: SINGLE (Groundball, 56S, EV 99.4 MPH)
Jim Jimenez scores
Jalen Olenick to third
Max Herndon to second
Batting: RHB Adam Wilbanks 0-0: Ball
1-0: Grounds into double play, 4-2-3 (Groundball, 4, EV 83.8 MPH)
Max Herndon to third
Elliott Osby to second
Batting: RHB Norense Montoya 0-0: Ball
1-0: Ball
2-0: SINGLE (Groundball, 56D, EV 105.6 MPH)
Max Herndon scores
Elliott Osby to third
Runner from 3rd tries for Home, SAFE, throw by LF to home
Pitching: RHP Derek Smith
Batting: RHB Joey Mark 0-0: Foul Ball, location: 2F
0-1: Called Strike
0-2: Foul Ball, location: 2F
0-2: SINGLE (Groundball, 25, EV 70.6 MPH) (infield hit)
Norense Montoya to second
Pinch Runner at 2nd Corey Hughes:
Batting: RHB Jerome Johnson 0-0: Ball
1-0: Ball
2-0: Ball
3-0: Called Strike
3-1: Foul Ball, location: 2F
3-2: 3-RUN HOME RUN (Flyball, 7D, EV 98.8 MPH), Distance : 362 ft
Batting: RHB Seth Leimer 0-0: Ball
1-0: Fly out, F8 (Flyball, 78D, EV 96.2 MPH)
Bottom of the 7th over - 6 runs, 6 hits, 0 errors, 0 left on base; Chatham 9 - Hyannis 11
TOP OF THE 8TH
Chatham Anglers batting - Pitching for Hyannis Harbor Hawks : RHP Skyler Blackford
Now at 3B: Khaleen Omariba
Batting: RHB Justyn Kenn 0-0: Swinging Strike
0-1: Foul Ball, location: 2F
0-2: Ball
1-2: Strikes out swinging
Batting: RHB Camron Goeschel 0-0: Ball
1-0: Ground out 4-3 (Groundball, 4M, EV 84.4 MPH)
Batting: RHB Carter Miroz 0-0: Foul Ball, location: 2F
0-1: Ball
1-1: Foul Ball, location: 2F
1-2: SOLO HOME RUN (Flyball, 78XD, EV 101.9 MPH), Distance : 410 ft
Batting: RHB Greg Thomas 0-0: Ball
1-0: Ball
2-0: Ball
3-0: Called Strike
3-1: Base on Balls
Pitching: RHP Branden Lynch
Batting: LHB Dennis Riggs 0-0: Ball
1-0: Called Strike
1-1: Called Strike
1-2: Ball
2-2: Foul Ball, location: 2F
2-2: Ball
3-2: Strikes out swinging
Top of the 8th over - 1 run, 1 hit, 0 errors, 1 left on base; Chatham 10 - Hyannis 11
BOTTOM OF THE 8TH
Hyannis Harbor Hawks batting - Pitching for Chatham Anglers : RHP Derek Smith
Batting: RHB Jim Jimenez 0-0: Fly out, F7 (Line Drive, 7, EV 85.0 MPH)
Batting: RHB Jalen Olenick 0-0: Fly out, F8 (Flyball, 8LM, EV 85.0 MPH)
Batting: RHB Max Herndon 0-0: Ball
1-0: Foul Ball, location: 2F
1-1: Ball
2-1: Called Strike
2-2: Foul Ball, location: 2F
2-2: Strikes out looking
Bottom of the 8th over - 0 runs, 0 hits, 0 errors, 0 left on base; Chatham 10 - Hyannis 11
TOP OF THE 9TH
Chatham Anglers batting - Pitching for Hyannis Harbor Hawks : RHP Branden Lynch
Pitching: RHP Blair Bunting
Batting: RHB James Hill 0-0: Called Strike
0-1: Ball
1-1: Foul Ball, location: 2F
1-2: Ball
2-2: Strikes out looking
Batting: LHB Brett Krueger 0-0: Ball
1-0: Foul Ball, location: 2F
1-1: Foul Ball, location: 2F
1-2: Ball
2-2: Fly out, F8 (Flyball, 8RD, EV 96.2 MPH)
Batting: RHB Keon Giggetts 0-0: Fly out, F6 (Line Drive, 56, EV 71.9 MPH)
Top of the 9th over - 0 runs, 0 hits, 0 errors, 0 left on base; Chatham 10 - Hyannis 11
Wednesday, April 17th , 2024 - OOTP Baseball 23.10 Build 110